 Dungeon Crawl Stone Soup version 0.23-a0-445-g768d57b (webtiles) character file.

925 Lavandula the Insei (level 8, -2/81 HPs)
             Began as an Octopode Hunter on Nov 17, 2018.
             Slain by a centaur (10 damage)
             ... on level 6 of the Dungeon.
             The game lasted 00:09:01 (2020 turns).

Lavandula the Insei (Octopode Hunter)               Turns: 2020, Time: 00:09:02

Health: -2/81      AC:  1    Str: 18    XL:     8   Next: 10%
Magic:  8/8        EV: 14    Int: 13    God:
Gold:   199        SH:  0    Dex: 13    Spells: 7/7 levels left

rFire    . . .     SeeInvis .     - Unarmed
rCold    . . .     Gourm    .   (no shield)
rNeg     . . .     Faith    .   (helmet restricted)
rPois    .         Spirit   .   (no amulet)
rElec    .         Reflect  .   m - ring of protection from magic
rCorr    .         Harm     .   (no ring)
MR       +....                  (no ring)
Stlth    ..........             (no ring)
HPRegen  0.23/turn              (no ring)
MPRegen  0.11/turn              (no ring)
                                (no ring)
                                (no ring)

@: berserking, very quick
A: almost no armour, stealthy swim, amphibious, 8 rings, constrict 8, camouflage
1, gelatinous body 1
a: no special abilities


You were on level 6 of the Dungeon.
You were not hungry.

You visited 1 branch of the dungeon, and saw 7 of its levels.

You collected 199 gold pieces.

Inventory:

Missiles
 c - 2 throwing nets
 f - 11 tomahawks
 o - 46 sling bullets
 p - 2 javelins (quivered)
Jewellery
 m - a ring of protection from magic (left tentacle)
Wands
 b - a wand of digging (6)
Scrolls
 a - a scroll of blinking
 e - a scroll of random uselessness {unknown}
 g - 3 scrolls of fear
 h - 2 scrolls of enchant weapon {unknown}
 l - 2 scrolls of teleportation {unknown}
 n - a scroll of magic mapping {unknown}
Potions
 i - a potion of resistance
 k - a potion of flight
Comestibles
 d - 6 rations


   Skills:
 - Level 4.0 Fighting
 - Level 4.0 Throwing
 - Level 2.7 Dodging
 - Level 1.3 Stealth
 + Level 7.9 Unarmed Combat


You had 7 spell levels left.
You didn't know any spells.
Your spell library was empty.

Dungeon Overview and Level Annotations

Branches:
Dungeon (7/15)
 Temple: D:4-7

Altars:
Sif Muna

Annotations:
D:4 Dowan


Innate Abilities, Weirdness & Mutations

You cannot wear most types of armour.
You are very stealthy in the water. (Stealth+)
You are amphibious.
You can wear up to eight rings at the same time.
You can use your tentacles to constrict eight enemies at once.
Your skin changes colour to match your surroundings (Stealth+).
Your rubbery body absorbs attacks. (AC +1, EV +1)


Message History

Unknown command.
You barely miss the orc wizard. You grab the orc wizard.
The orc wizard is almost dead.
You constrict the orc wizard. The orc wizard barely misses you.
Unknown command.
It was a potion of berserk rage.
A red film seems to cover your vision as you go berserk!
You feel yourself moving faster!
You feel mighty!
You constrict the orc wizard.
You kill the orc wizard!
Unknown command.
You barely miss the orc. Your grab misses the orc. You squeeze the orc!
You kill the orc!
Unknown command.
The centaur closely misses you.
Items here: ) [ †† a +0 dagger; a +0 robe; an orc corpse x2
You bludgeon the centaur! Your squeeze misses the centaur.
The centaur is heavily wounded.
The centaur hits you!
You die...

... .. # ... ..#§≈ ≈≈.
.. ##...≈# #≈. #..
##...#≈# #≈. ..#
#....#§###≈# ##(# ..
###.#.##≈≈≈≈≈###((##....
#...............c....>..
......#..###..##@#
......#.#.....##)#
..........###....#
.......#### ##.>##
...<...# #..# )......#
#### .......# ......##
......#


You could see a centaur.

Vanquished Creatures
  3 ogres
  2 water moccasin skeletons (D:5)
  2 crimson imps
  A bullfrog zombie (D:5)
  A hound (D:5)
  7 orc wizards
  2 orc priests
  A centaur skeleton (D:4)
  An iguana (D:5)
  3 worker ants
  4 adders
  2 leopard geckos (D:5)
  9 orcs
  2 giant cockroaches
  2 hobgoblins
  4 jackals (D:5)
  A quokka (D:5)
  A frilled lizard (D:2)
  2 goblins (D:3)
  2 kobolds
  A quokka skeleton (D:5)
53 creatures vanquished.

Notes
Turn   | Place    | Note
-------+----------+-------------------------------------------
     0 | D:1      | Lavandula the Octopode Hunter began the quest for the Orb.
     0 | D:1      | Reached XP level 1. HP: 14/14 MP: 1/1
    31 | D:1      | Reached skill level 1 in Unarmed Combat
   137 | D:3      | Found a deep blue altar of Sif Muna.
   189 | D:3      | Noticed an orc wizard
   192 | D:3      | Reached XP level 2. HP: 17/19 MP: 2/2
   204 | D:3      | Reached skill level 2 in Unarmed Combat
   215 | D:3      | Reached skill level 3 in Unarmed Combat
   215 | D:3      | Reached XP level 3. HP: 5/24 MP: 3/3
   520 | D:4      | Reached XP level 4. HP: 28/29 MP: 4/4
   571 | D:5      | Entered Level 5 of the Dungeon
   592 | D:5      | Reached skill level 4 in Unarmed Combat
   695 | D:5      | Reached XP level 5. HP: 16/34 MP: 5/5
   734 | D:4      | Noticed Dowan
   873 | D:4      | Reached skill level 5 in Unarmed Combat
   929 | D:4      | Noticed an ogre
   939 | D:4      | HP: 1/34 [ogre/+0 giant spiked club (10)]
   976 | D:4      | Reached XP level 6. HP: 20/39 MP: 6/6
   977 | D:4      | Reached skill level 6 in Unarmed Combat
  1273 | D:4      | HP: 2/41 [orc priest/nerve-wracking pain (6)]
  1374 | D:5      | Reached XP level 7. HP: 14/46 MP: 7/7
  1749 | D:5      | Reached skill level 7 in Unarmed Combat
  1894 | D:6      | Reached XP level 8. HP: 7/54 MP: 8/8
  2020 | D:6      | Slain by a centaur

Vault maps used:
D:1:      dpeg_arrival_shelter
D:2:      minmay_recursive_quarters, gammafunk_temple_overflow_elements,
          chequers_ecumenical_altar_grove
D:3:      nicolae_overflow_crystal_walls, serial_bayou_pond_e
D:4:      first_ration, uniq_duvessa
D:5:      small_statue_intersection
D:6:      makhleb_altar_promises_db, kennysheep_mini_moat, kennysheep_mini,
          nicolae_qazlal_style_of_elements
D:7:      wander_guarded_unrand_ratskin, lemuel_doored_altar, temple_fountains,
          the_bakery, grunt_decor_clamped

Skill      XL: |  1  2  3  4  5  6  7 |
---------------+----------------------+-----
Unarmed Combat | 1 3 4 5 6 7 |  7.9
Fighting       | 3 4 |  4.0
Throwing       | |  4.0
Dodging        | |  2.7
Stealth        | |  1.3

Action                   |  1- 3 |  4- 6 |  7- 9 || total
-------------------------+-------+-------+-------++-------
Melee: Unarmed           |    31 |    68 |    40 ||   139
       Constrict         |     6 |    13 |     9 ||    28
       Tentacles         |     5 |    16 |    10 ||    31
       Punch             |       |     1 |     3 ||     4
Throw: Javelin           |    17 |    16 |    13 ||    46
       Tomahawk          |       |     6 |    18 ||    24
  Use: Potion            |     1 |     3 |     1 ||     5
       Scroll            |       |     4 |       ||     4
 Stab: Sleeping          |     2 |       |     1 ||     3
  Eat: Ration            |       |     1 |       ||     1
Armor: Skin              |     1 |     7 |     1 ||     9
Dodge: Dodged            |    12 |    27 |    15 ||    54

Table legend:
 A = Non-vault XP
 B = Vault XP
 C = Vault XP percentage of total XP
 D = Non-vault monster count
 E = Vault monster count
 F = Vault count percentage of total count
                 A         B        C        D         E       F
            +---------+---------+-------+---------+---------+-------
      Total |    1322 |       0 |   0.0 |      53 |       0 |   0.0
            +---------+---------+-------+---------+---------+-------
        D:1 |       5 |       0 |   0.0 |       3 |       0 |   0.0
        D:2 |       1 |       0 |   0.0 |       1 |       0 |   0.0
        D:3 |      61 |       0 |   0.0 |       9 |       0 |   0.0
        D:4 |     410 |       0 |   0.0 |      14 |       0 |   0.0
        D:5 |     650 |       0 |   0.0 |      21 |       0 |   0.0
        D:6 |     195 |       0 |   0.0 |       5 |       0 |   0.0
            +---------+---------+-------+---------+---------+-------
